 Dungeon Crawl Stone Soup version 0.28.0-43-g3370ac3207 (webtiles) character file.

Game seed: 14460108084693386516

29 diana the Slasher (level 3, 29/29 HPs)
             Began as a Demonspawn Berserker on Mar 20, 2022.
             Was a Follower of Trog.
             Quit the game on level 2 of the Dungeon.
             The game lasted 00:01:12 (1750 turns).

diana the Slasher (Demonspawn Berserker)            Turns: 1750, Time: 00:01:13

Health: 29/29      AC:  2    Str: 19    XL:     3   Next: 1%
Magic:  3/3        EV: 12    Int:  8    God:    Trog [*.....]
Gold:   89         SH:  0    Dex: 12    Spells: 2/2 levels left

rFire   . . .      SeeInvis .   a - +0 falchion
rCold   . . .      Faith    .   (no shield)
rNeg    . . .      Spirit   .   b - +0 animal skin
rPois   .          Reflect  .   (no helmet)
rElec   .          Harm     .   (no cloak)
rCorr   .          Rampage  .   (no gloves)
Will    .....                   (no boots)
Stlth   +.........              (no amulet)
HPRegen 0.09/turn               (no ring)
MPRegen 0.08/turn               (no ring)

@: no status effects
A: hooves 1
a: Renounce Religion, Berserk


You were on level 2 of the Dungeon.
You worshipped Trog.
Trog was aware of your devotion.
You visited 1 branch of the dungeon, and saw 2 of its levels.

You collected 89 gold pieces.

Inventory:

Hand Weapons
 a - a +0 falchion (weapon)
Armour
 b - a +0 animal skin (worn)
Scrolls
 c - a scroll of fog {unknown}
 d - 2 scrolls of fear {unknown}
 f - 2 scrolls of identify {unknown}
 g - a scroll of silence {unknown}
 i - a scroll of enchant armour {unknown}
Potions
 e - a potion of curing {unknown}
 h - a potion of might {unknown}


   Skills:
 + Level 3.4 Fighting
 * Level 3.5 Long Blades
 - Level 1.7 Armour
 - Level 1.7 Dodging


You had 2 spell levels left.
You didn't know any spells.
Your spell library was empty.

Dungeon Overview and Level Annotations

Branches:
Dungeon (2/15)

Altars:


Innate Abilities, Weirdness & Mutations

You have large cloven feet.


Message History

There is an open door here.
There is an open door here.
There is an open door here.
There is an open door here.
You open the door.
There is an open door here.
There is an open door here.
You see here a +0 ring mail.
Key pressed, stopping explore.
No target in view!
Found a There-And-Back Book.
No target in view!
A ball python comes into view.
A ball python is nearby!
Found a robe.
The ball python hisses angrily.
The ball python bites you but does no damage.
The ball python grabs you. The ball python constricts you.
You slash the ball python!
You kill the ball python!
Trog accepts your kill.
You have reached level 3!
Your experience leads to an increase in your attributes!
Increase (S)trength, (I)ntelligence, or (D)exterity?
You feel stronger. x2
HP restored.
A rat comes into view.
A rat is nearby!
A rat is nearby!
A rat is nearby!
You closely miss the rat. You kick the rat.
You kill the rat!
Trog accepts your kill.
Found a translucent whip.
No target in view!
Key pressed, stopping explore.
No target in view!
No target in view!
You see here the +3 whip of the Three Beasts {elec, Str+2 Stlth+}.
Are you sure you want to abandon this character and quit the game? (Confirm with "yes".)

.......# ####......
.......+ ..........
#####...#############..#
.....!..................
#####......######.#####
#......# #.# #......#
#.# ###......# #.# #
#...@....# #.# #
#...###### #.# # #...
#.##### #... #......
#... ####### ####
####).. #.....# #.....+
#.....#


There were no monsters in sight!

Vanquished Creatures
  A dart slug (D:2)
  5 ball pythons
  3 endoplasms
  2 giant cockroaches (D:1)
  A hobgoblin (D:1)
  4 jackals (D:2)
  A quokka (D:1)
  A bat (D:1)
  2 goblins
  A kobold (D:2)
  4 rats
25 creatures vanquished.

Notes
Turn   | Place    | Note
-------+----------+-------------------------------------------
     0 | D:1      | diana the Demonspawn Berserker began the quest for the Orb.
     0 | D:1      | Reached XP level 1. HP: 18/18 MP: 1/1
   599 | D:1      | Gained mutation: You have large cloven feet. [demonic
                  | ancestry]
   599 | D:1      | Reached XP level 2. HP: 6/24 MP: 2/2
  1716 | D:2      | Reached XP level 3. HP: 28/29 MP: 3/3
  1749 | D:2      | Identified the +3 whip of the Three Beasts {elec, Str+2
                  | Stlth+}
  1750 | D:2      | Quit the game

Illustrated notes

Levels and vault maps discovered:
D:1:      lightli_arrival_farm, layout_rooms, serial_corexii_hall,
          chequers_hall_statues_corner_a, corexii_hall_statues_i,
          corexii_hall_statues_x, corexii_hall_statues_deadend,
          corexii_hall_statues_l, chequers_hall_statues_y, minmay_bisected
D:2:      layout_basic

Skill      XL: |  1 |
---------------+----+-----
Long Blades    | 3 |  3.5
Fighting       | |  3.4
Armour         | |  1.7
Dodging        | |  1.7

Action                   || total
-------------------------++-------
Melee: Falchion          ||    52
       Kick              ||     6
       Punch             ||     1
 Stab: Sleeping          ||     2
Armor: Animal skin       ||    11
Dodge: Dodged            ||    34
